 Dungeon Crawl Stone Soup version 0.30.0-21-gd299b56b3f (webtiles) character file.

Game seed: 6341459525681015452

162 qw the Chopper (level 5, -4/32 HPs)
             Began as a Gargoyle Fighter on June 2, 2023.
             Slain by a wight
             ... wielding a +0 dire flail
              (11 damage)
             ... on level 4 of the Dungeon.
             The game lasted 00:01:30 (2498 turns).

qw the Chopper (Gargoyle Fighter)                   Turns: 2498, Time: 00:01:30

Health: -4/32      AC: 13    Str: 22    XL:     5   Next: 43%
Magic:  5/5        EV:  9    Int:  8    God:
Gold:   247        SH:  4    Dex:  9    Spells: 4/4 levels left

rFire   . . .        Y - +0 war axe
rCold   . . .        c - +0 buckler
rNeg    + . .        b - +0 scale mail
rPois   inf          (no helmet)
rElec   +            (no cloak)
rCorr   .            g - +0 pair of gloves
SInv    .            f - +0 pair of boots
Will    .....        (no amulet) Stlth
                     (no ring)
HPRegen 0.25/turn    (no ring)
MPRegen 0.09/turn

%: no passive effects
@: about to teleport
A: sickness immunity, AC +4, negative energy resistance 1, electricity
resistance, torment resistance 1, petrification resistance
a: no special abilities


You were on level 4 of the Dungeon.
You visited 1 branch of the dungeon, and saw 4 of its levels.

You collected 247 gold pieces.


Innate Abilities, Weirdness & Mutations

You are immune to sickness and miasma.
Your stone body is resilient. (AC +4)
You are immune to poison.
You resist negative energy. (rN+)
You are resistant to electric shocks. (rElec)
You are resistant to unholy torment.
You are immune to petrification.


   Skills:
 + Level 3.3 Fighting
 - Level 5.0 Axes
 - Level 3.2 Armour
 - Level 3.2 Shields


You had 4 spell levels left.
You didn't know any spells.
Your spell library was empty.

Inventory:

Hand Weapons
 e - a +4 flail
 Y - a +0 war axe (weapon)
Armour
 b - a +0 scale mail (worn)
 c - a +0 buckler (worn)
 f - a +0 pair of boots (worn)
 g - a +0 pair of gloves (worn)
Jewellery
 a - a ring of positive energy
Scrolls
 m - 3 scrolls of identify
Potions
 d - a potion of might
 h - a potion of magic {unknown}
 i - a potion of flight {unknown}
 k - a potion of haste
 l - 2 potions of curing

Dungeon Overview and Level Annotations

Branches:
Dungeon (4/15)
 Temple: D:4-7

Altars:
Nemelex Xobeh
Okawaru

Shops:
D:2 :


Message History

Enter note:
2489 ||| Stepping ~*~*~tactically~*~*~ (hiding).
Found a stone staircase leading up.
Enter note:
Enter note:
Enter note:
Enter note:
Enter note:
Enter note:
Enter note:
Enter note:
Enter note: You start waiting.
A wight is nearby!
You hit the wight.
The wight is lightly damaged.
The wight hits you but does no damage.
You closely miss the wight.
The wight is lightly damaged.
The wight hits you with a +0 dire flail.
You hit the wight.
The wight is lightly damaged.
The wight hits you with a +0 dire flail!
You hit the wight.
The wight is moderately damaged.
The wight closely misses you.
The wight hits you with a +0 dire flail.
You slash the wight!
The wight is severely damaged.
The wight hits you with a +0 dire flail!
2496 ||| READING scroll of teleportation.
As you read the scroll of teleportation, it crumbles to dust.
You feel strangely unstable.
You closely miss the wight.
The wight is severely damaged.
The wight hits you but does no damage.
You hit the wight.
The wight is almost destroyed.
The wight hits you with a +0 dire flail!
You die...

..## ###.....## ....
#........# .....
###..#..#..##
.....####....#......#
...[....##.##.......#
...........###...#.####
.Pz..z.....#....#####..
....###.#.###.........#
.z #@z### #.##.......
#....<... #....##.
..........>.##.# .
z.......##..###..#.
............. ##.#.
?............# #.#.
.............. #.#.
.##........##.# .###.#.
..##>..#.#.


You could see 2 wights.

Vanquished Creatures
  2 iguanas (D:4)
  2 adders
  2 dart slugs
  6 orcs (D:4)
  8 endoplasms
  2 giant cockroaches
  6 goblins
  8 hobgoblins
  8 jackals
  5 quokkas
  6 ball pythons
  5 bats
  3 frilled lizards
  5 kobolds
  5 rats
73 creatures vanquished.

Notes
Turn   | Place    | Note
-------+----------+-------------------------------------------
     0 | D:1      | qw the Gargoyle Fighter began the quest for the Orb.
     0 | D:1      | Reached XP level 1. HP: 14/14 MP: 1/1
     0 | D:1      | 0 ||| qw: Version: 0.2-a-102-gdf20003
     0 | D:1      | 0 ||| qw: Game counter: 873
     0 | D:1      | 0 ||| qw: Always use a shield: true
     0 | D:1      | 0 ||| qw: God list: Okawaru
     0 | D:1      | 0 ||| qw: Allow faded altars: false
     0 | D:1      | 0 ||| qw: Do Orc after D:15 true
     0 | D:1      | 0 ||| qw: Do second Lair branch before Depths: true
     0 | D:1      | 0 ||| qw: Lair rune preference: random
     0 | D:1      | 0 ||| qw: Plans: Normal, Zot:1-4, Slime:5, God:TSO, Crypt,
                  | Tomb, Pan, Hells, Abyss, Win
     0 | D:1      | 0 ||| PLANNING D:1-11
    80 | D:1      | Reached skill level 2 in Axes
   113 | D:1      | Reached XP level 2. HP: 19/19 MP: 2/2
   126 | D:1      | 126 ||| Stepping ~*~*~tactically~*~*~ (stealth).
   127 | D:1      | 127 ||| FLEEEEING.
   128 | D:1      | 128 ||| FLEEEEING.
   129 | D:1      | 129 ||| FLEEEEING.
   132 | D:1      | 132 ||| FLEEEEING.
   133 | D:1      | 133 ||| FLEEEEING.
   134 | D:1      | 134 ||| FLEEEEING.
   135 | D:1      | 135 ||| FLEEEEING.
   136 | D:1      | 136 ||| FLEEEEING.
   137 | D:1      | 137 ||| FLEEEEING.
   208 | D:1      | Reached skill level 3 in Axes
   269 | D:1      | Reached XP level 3. HP: 17/23 MP: 3/3
   659 | D:1      | 659 ||| UPGRADING to +0 pair of boots.
   664 | D:1      | 664 ||| UPGRADING to +0 pair of gloves.
   669 | D:1      | 669 ||| READING scroll labelled YRHOG JOESUPRO.
   670 | D:1      | 670 ||| READING scroll labelled SESTE QIUKHEM.
   673 | D:1      | 673 ||| READING scroll labelled QUOLIM FOGALE.
   763 | D:2      | 763 ||| Stepping ~*~*~tactically~*~*~ (hiding).
  1010 | D:2      | 1010 ||| Stepping ~*~*~tactically~*~*~ (stealth).
  1019 | D:2      | Reached XP level 4. HP: 26/28 MP: 4/4
  1072 | D:2      | 1072 ||| DROPPING +0 whip.
  1092 | D:2      | 1092 ||| Stepping ~*~*~tactically~*~*~ (hiding).
  1093 | D:2      | 1093 ||| Stepping ~*~*~tactically~*~*~ (hiding).
  1346 | D:2      | Found Fonoahew's Book Shop.
  1502 | D:2      | 1502 ||| READING scroll labelled TOELOKHL LERIEMM.
  1503 | D:2      | 1503 ||| READING scroll labelled PUDOIS GUTARPH.
  1568 | D:3      | Reached skill level 4 in Axes
  1768 | D:3      | Found a faded altar of an unknown god.
  1982 | D:3      | Found a sparkling altar of Nemelex Xobeh.
  2124 | D:3      | 2124 ||| READING scroll labelled RABIZYNGUV.
  2125 | D:3      | 2125 ||| READING scroll labelled COIFUZ RUON.
  2126 | D:3      | 2126 ||| DRINKING 2 ruby potions.
  2127 | D:3      | 2127 ||| DRINKING 3 metallic golden potions.
  2258 | D:4      | 2258 ||| Stepping ~*~*~tactically~*~*~ (stealth).
  2259 | D:4      | 2259 ||| Stepping ~*~*~tactically~*~*~ (stealth).
  2265 | D:4      | Reached XP level 5. HP: 32/32 MP: 5/5
  2297 | D:4      | 2297 ||| FLEEEEING.
  2317 | D:4      | 2317 ||| Stepping ~*~*~tactically~*~*~ (stealth).
  2412 | D:4      | Reached skill level 5 in Axes
  2485 | D:4      | Found an iron altar of Okawaru.
  2486 | D:4      | 2486 ||| PLANNING OKAWARU WORSHIP
  2487 | D:4      | 2487 ||| Stepping ~*~*~tactically~*~*~ (stealth).
  2488 | D:4      | 2488 ||| Stepping ~*~*~tactically~*~*~ (hiding).
  2489 | D:4      | 2489 ||| Stepping ~*~*~tactically~*~*~ (hiding).
  2495 | D:4      | HP: 6/32 [wight/+0 dire flail (11)]
  2496 | D:4      | 2496 ||| READING scroll of teleportation.
  2498 | D:4      | Slain by a wight

Levels and vault maps discovered:
D:1:      ebering_hopf_link, layout_basic, minmay_small_reverse_x
D:2:      layout_loops_ring, serial_shops, shop
D:3:      layout_loops_ring, nemelex_spade_bored_becter,
          ebering_ecumenical_altar_petrified, st_stairs_4
D:4:      layout_cave_pools, mainiacjoe_overflow_tiny_flanked,
          serial_co_window_serial, co_window_corner_a,
          co_window_of_opportunity_a, co_window_paths_a, co_window_corner_a,
          co_window_paths_b, co_window_unsneaky_path_c,
          co_window_unsneaky_path_c, co_window_broadway_a, co_window_paths_d,
          glass_columns_a, glass_columns_c, glass_columns_c, glass_columns_a,
          glass_columns_a, minmay_mini_ossuary, uniq_ijyb

Skill      XL: |  1  2  3  4  5 |
---------------+----------------+-----
Axes           | 2 3 4 5 |  5.0
Fighting       | |  3.3
Armour         | |  3.2
Shields        | |  3.2

Action                     |  1- 3 |  4- 6 || total
---------------------------+-------+-------++-------
  Melee: War axe           |   103 |   134 ||   237
    Use: Scroll            |     3 |     5 ||     8
         Potion            |       |     2 ||     2
 Armour: Scale mail        |    62 |    64 ||   126
  Dodge: Dodged            |    50 |    66 ||   116
  Block: Buckler           |    19 |    26 ||    45

Table legend:
 A = Non-vault XP
 B = Vault XP
 C = Vault XP percentage of total XP
 D = Non-vault monster count
 E = Vault monster count
 F = Vault count percentage of total count
                 A         B        C        D         E       F
            +---------+---------+-------+---------+---------+-------
      Total |     221 |      11 |   4.7 |      67 |       6 |   8.2
            +---------+---------+-------+---------+---------+-------
        D:1 |      45 |       7 |  13.5 |      25 |       4 |  13.8
        D:2 |      39 |       0 |   0.0 |      15 |       0 |   0.0
        D:3 |      23 |       4 |  14.8 |      13 |       2 |  13.3
        D:4 |     114 |       0 |   0.0 |      14 |       0 |   0.0
            +---------+---------+-------+---------+---------+-------
